 Dungeon Crawl Stone Soup version 0.32-a0-859-gb0a091d592 (webtiles) character file.

Game seed: 6866123610509860981

431 Nico3ck the Vexing (level 6, -7/41 HPs)
             Began as a Demonspawn Enchanter on Mar 27, 2024.
             Mangled by a gnoll
             ... wielding a +0 flail
              (10 damage)
             ... on level 3 of the Dungeon.
             The game lasted 00:06:48 (2406 turns).

Nico3ck the Vexing (Demonspawn Enchanter)           Turns: 2406, Time: 00:06:48

Health: -7/41      AC:  2    Str:  8    XL:     6   Next: 66%
Magic:  7/9        EV: 11    Int: 17    God:
Gold:   132        SH:  0    Dex: 14    Spells: 7/9 levels left

rFire   . . .        a - +2 dagger
rCold   . . .        (no shield)
rNeg    . . .        b - +0 robe
rPois   .            (no helmet)
rElec   .            (no cloak)
rCorr   .            (no gloves)
SInv    .            (no boots)
Will    .....        (no amulet)
Stlth   ++++         (no ring)
HPRegen 0.26/turn    (no ring)
MPRegen 0.22/turn

%: no passive effects
@: wreathed by umbra
A: claws 1, magic regeneration, foul shadow 1
a: no special abilities


You were on level 3 of the Dungeon.
You visited 1 branch of the dungeon, and saw 3 of its levels.

You collected 132 gold pieces.

Inventory:

Hand Weapons
 a - a +2 dagger (weapon)
Missiles
 k - 4 stones
Armour
 b - a +0 robe (worn)
Wands
 d - a wand of digging (9)
Potions
 g - 2 potions of curing
 h - a potion of brilliance
 j - a potion of degeneration {unknown}
 l - 3 potions of heal wounds {unknown}


   Skills:
 + Level 3.3 Short Blades
 - Level 1.7 Dodging
 - Level 4.0 Stealth
 * Level 2.4 Spellcasting
 * Level 4.1 Hexes
 + Level 3.2 Ice Magic


You had 7 spell levels left.
You knew the following spells:

 Your Spells              Type           Power      Damage    Failure   Level
a - Ensorcelled Hibernat  Hex/Ice        28%        N/A       6%          2

Your spell library contained the following spells:

 Spells                   Type           Power      Damage    Failure   Level
 Confusing Touch          Hex            16%        N/A       10%         3
 Tukima's Dance           Hex            16%        N/A       10%         3
 Dazzling Flash           Conj/Hex       18%        N/A       24%         3


Dungeon Overview and Level Annotations

Branches:
Dungeon (3/15)

Altars:

Annotations:
D:3 1 runed translucent door, MirrMurr's ghost, amateur GnWr


Innate Abilities, Weirdness & Mutations

You have sharp fingernails.
You regenerate magic rapidly.
You are faintly shadowed, very rarely releasing foul flame when damaged in melee.


Message History

A gnoll comes into view. It is wielding a +0 flail.
MirrMurr's ghost wails, "You will never get the ORB!"
The gnoll shouts!
Casting: Ensorcelled Hibernation (safe; 6% risk of failure)
Confirm with . or Enter, or press ? or * to list all spells.
Aiming: Ensorcelled Hibernation (safe; 6% risk of failure)
Press: ? - help, Shift-Dir - straight line, f - gnoll
Aim: a gnoll, wielding a +0 flail (chance to affect: 56%)
The gnoll looks drowsy...
The gnoll hits you from afar with a +0 spear!
The gnoll shouts!
You hit the gnoll.
The gnoll is lightly wounded.
Casting: Ensorcelled Hibernation (safe; 6% risk of failure)
Confirm with . or Enter, or press ? or * to list all spells.
Aiming: Ensorcelled Hibernation (safe; 6% risk of failure)
Press: ? - help, Shift-Dir - straight line, f - gnoll, p - gnoll
Aim: a gnoll, wielding a +0 spear (chance to affect: 56%)
The gnoll is unaffected.
The gnoll hits you with a +0 flail.
The gnoll is seared by the foul flame within you.
The gnoll is moderately wounded.
The gnoll hits you from afar with a +0 spear.
You closely miss the gnoll.
The gnoll is moderately wounded.
The gnoll hits you with a +0 flail. The gnoll closely misses you.
You hit the gnoll but do no damage.
The gnoll is moderately wounded.
The gnoll closely misses you.
The gnoll hits you from afar with a +0 spear!
* * * LOW HITPOINT WARNING * * *
You hit the gnoll.
The gnoll is moderately wounded.
The gnoll hits you with a +0 flail.
* * * LOW HITPOINT WARNING * * *
The gnoll hits you from afar with a +0 spear!
* * * LOW HITPOINT WARNING * * *
The gnoll attacks as it pursues you! The gnoll hits you with a +0 flail.
* * * LOW HITPOINT WARNING * * *
The gnoll attacks as it pursues you! The gnoll hits you with a +0 flail!
You die...

..###...##
.......g######
#.....#.##...#
.........)...#
..########..#####
..........g.# #
##########.##
.#.###########.###.##
........@g.gg........#
........############..
.#.###...............
#.##############
...#.###.# .......<.#
...#.##.........
##.####### ...


You could see 3 gnolls.

Vanquished Creatures
  Grinder (D:3)
  An ogre (D:3)
  Jessica (D:2)
  Natasha (D:2)
  3 gnolls (D:2)
  An adder (D:2)
  2 dart slugs (D:1)
  3 ribbon worms (D:2)
  5 endoplasms
  2 giant cockroaches (D:1)
  2 goblins (D:2)
  3 hobgoblins
  8 jackals
  A quokka (D:1)
  2 ball pythons (D:1)
  6 bats
  2 frilled lizards
  5 kobolds
  6 rats
55 creatures vanquished.

Notes
Turn   | Place    | Note
-------+----------+-------------------------------------------
     0 | D:1      | Nico3ck the Demonspawn Enchanter began the quest for the
                  | Orb.
     0 | D:1      | Reached XP level 1. HP: 13/13 MP: 3/3
    73 | D:1      | Reached skill level 1 in Short Blades
   250 | D:1      | Gained mutation: You are faintly shadowed, very rarely
                  | releasing foul flame when damaged in melee. [demonic
                  | ancestry]
   250 | D:1      | Reached XP level 2. HP: 5/19 MP: 5/5
   411 | D:1      | Learned a level 2 spell: Ensorcelled Hibernation
   653 | D:1      | Reached skill level 1 in Ice Magic
   750 | D:1      | Reached XP level 3. HP: 24/24 MP: 6/6
  1415 | D:2      | Noticed Jessica
  1418 | D:2      | Killed Jessica
  1472 | D:2      | Gained mutation: You regenerate magic rapidly. [demonic
                  | ancestry]
  1472 | D:2      | Reached XP level 4. HP: 21/30 MP: 4/7
  1550 | D:2      | Found a faded altar of an unknown god.
  1981 | D:2      | Noticed Natasha
  1985 | D:2      | Killed Natasha
  2037 | D:2      | Reached XP level 5. HP: 35/35 MP: 2/8
  2163 | D:3      | Noticed Grinder
  2178 | D:3      | Paralysed by Grinder for 2 turns
  2179 | D:3      | HP: 1/35 [Grinder (7)]
  2189 | D:3      | Killed Grinder
  2190 | D:3      | Gained mutation: You have sharp fingernails. [demonic
                  | ancestry]
  2190 | D:3      | Reached XP level 6. HP: 4/41 MP: 9/9
  2361 | D:3      | Noticed MirrMurr's ghost (amateur GnWr)
  2364 | D:3      | Found a runed translucent door.
  2406 | D:3      | Mangled by a gnoll

Illustrated notes

Levels and vault maps discovered:
D:1:      giann_forest_graveyard, layout_basic
D:2:      layout_loops_corners, hellmonk_ecumenical_altar_leap_of_faith,
          minivault_11, uniq_natasha, uniq_jessica
D:3:      minmay_door_path, layout_rooms, hellmonk_ghost_happy_afterlife,
          uniq_grinder

Skill      XL: |  1  2  3  4  5  6 |
---------------+-------------------+-----
Short Blades   | 1 2 3 |  3.3
Ice Magic      | 1 2 3 |  3.2
Stealth        | 3 4 |  4.0
Hexes          | 4 |  4.1
Dodging        | |  1.7
Spellcasting   | |  2.4

Action                     |  1- 3 |  4- 6 || total
---------------------------+-------+-------++-------
  Melee: Dagger            |    96 |    84 ||   180
  Throw: Stone             |     5 |       ||     5
   Cast: Ensorcelled Hiber |     1 |    12 ||    13
    Use: Potion            |     1 |     2 ||     3
         Scroll            |     2 |     3 ||     5
   Stab: Sleeping          |    17 |    10 ||    27
         Invisible         |     1 |     2 ||     3
 Armour: Robe              |    39 |    39 ||    78
  Dodge: Dodged            |    64 |    37 ||   101

Table legend: (Time is in decaauts)
 A = Elapsed time spent in this place.
 B = Non-inter-level travel time spent in this place.
 C = Inter-level travel time spent in this place.
 D = Time resting spent in this place.
 E = Time spent auto-exploring this place.
 F = Levels seen in this place.
 G = Mean time per level.
                   A        B        C        D        E       F      G
               +--------+--------+--------+--------+--------+-----+--------+
         Total |   2384 |   2297 |     87 |    163 |   1690 |   3 |  794.7 |
       Dungeon |   2384 |   2297 |     87 |    163 |   1690 |   3 |  794.7 |
               +--------+--------+--------+--------+--------+-----+--------+

Top non-repeatable levels by time:
     D:1: 1110 daAuts
     D:2: 1031 daAuts
     D:3: 242 daAuts
